 Dungeon Crawl Stone Soup version 0.31.0-11-ge490571c62 (webtiles) character file.

Game seed: 13023803558204331790

150 EonDragon20 the Chiller (level 5, -3/35 (36) HPs)
             Began as a Merfolk Ice Elementalist on Feb 8, 2024.
             Was an Initiate of Vehumet.
             Slain by Sigmund
             ... wielding a +0 scythe
              (10 damage)
             ... on level 4 of the Dungeon.
             The game lasted 00:06:59 (3844 turns).

EonDragon20 the Chiller (Merfolk Ice Elementalist)  Turns: 3844, Time: 00:06:59

HP:   -3/35 (36)    AC:  3    Str:  8    XL:     5   Next: 32%
MP:   6/8           EV:  7    Int: 17    God:    Vehumet [......]
Gold: 75            SH:  0    Dex: 14    Spells: 1/8 levels left

rFire   . . .        i - +0 spear
rCold   . . .        (no shield)
rNeg    . . .        a - +0 robe
rPois   .            (no helmet)
rElec   .            (no cloak)
rCorr   .            (no gloves)
SInv    .            m - +0 pair of boots
Will    .....        (no amulet)
Stlth   ++           (no ring)
HPRegen 0.25/turn    (no ring)
MPRegen 0.11/turn

%: no passive effects
@: held, lightly drained
A: (nimble swimmer 2), mertail
a: Renounce Religion


You were on level 4 of the Dungeon.
You worshipped Vehumet.
Vehumet was noncommittal.
You visited 1 branch of the dungeon, and saw 4 of its levels.

You collected 75 gold pieces.

Inventory:

Hand Weapons
 i - a +0 spear (weapon)
Armour
 a - a +0 robe (worn)
 m - a +0 pair of boots (worn)
Wands
 j - a wand of polymorph (4)
Scrolls
 g - a scroll of vulnerability
Potions
 b - a potion of magic
 c - a potion of invisibility
 e - 2 potions of ambrosia
 h - a potion of attraction {unknown}
 l - 3 potions of curing
 n - a potion of berserk rage {unknown}


   Skills:
 * Level 0.9 Fighting
 * Level 3.1 Dodging
 - Level 2.1 Stealth
 * Level 2.2 Spellcasting
 * Level 6.7 Ice Magic


You had one spell level left.
You knew the following spells:

 Your Spells              Type           Power      Damage    Failure   Level
a - Freeze                Ice            96%        1d10      1%          1
b - Frozen Ramparts       Ice            48%        1d8       3%          3
c - Ozocubu's Armour      Ice            24%        N/A       3%          3

Your spell library contained the following spells:

 Spells                   Type           Power      Damage    Failure   Level
 Kiss of Death            Conj/Necr      4%         2d5       19%         1
 Summon Ice Beast         Ice/Summ       13%        N/A       14%         3
 Confusing Touch          Hex            1%         N/A       50%         3
 Dispel Undead            Necr           1%         3d6       88%         4


Dungeon Overview and Level Annotations

Branches:
Dungeon (4/15)
 Temple: D:4-7

Altars:
Elyvilon
Fedhas
Trog
Vehumet
Wu Jian

Annotations:
D:2 1 runed translucent door, Crazy Yiuf
D:4 Sigmund


Innate Abilities, Weirdness & Mutations

((You are very nimble when in or above water. (Stealth+, EV+, Speed+++)))
Your lower body shifts to a powerful aquatic tail in water.


Message History

Casting: Ozocubu's Armour (dangerous; 3% risk of failure)
Confirm with . or Enter, or press ? or * to list all spells.
Casting: Frozen Ramparts (dangerous; 3% risk of failure)
Press: ? - help, Dir - look around, f - activate A stone staircase leading up.
The walls around you are covered in ice.
The wall freezes Sigmund.
Sigmund points at you and mumbles some strange words.
You are confused.
The wall freezes Sigmund.
Sigmund casts a spell.
Sigmund flickers and vanishes!
Deactivating autopickup; reactivate with Ctrl-A.
The wall freezes something.
You hear some strange, mumbled words.
Something tries to affect you, but you resist.
The wall freezes something.
Something barely misses you.
The wall freezes something.
Something hits you.
You feel less confused.
The wall freezes something.
Something hits you but does no damage.
The frozen ramparts melt away.
You hear some strange, mumbled words.
You are confused.
Something hits you! Something hits you.
The ribbon worm expels a string of sticky webbing.
The stream of webbing hits you but does no damage.
You are caught in a web!
Something hits you!
The ribbon worm expels a string of sticky webbing.
The stream of webbing hits you but does no damage.
You are caught in a web!
There is a web here.
You struggle to detach yourself from the web.
You feel less confused. Something hits you!
* * * LOW HITPOINT WARNING * * *
Okay, then.
You feel better. Something hits you!
You die...

.##. .#... .... #
#..# #.#..#
#.#..# ##..
#.#..###....>
#####..w.........
.......@<....####
#######.######
#.# #.# #.# #..
###


You could see a ribbon worm (catching breath).

Vanquished Creatures
  Jessica (D:2)
  An iguana (D:3)
  3 adders
  A ribbon worm (D:4)
  3 dart slugs
  6 ball pythons
  4 endoplasms
  3 giant cockroaches (D:1)
  4 goblins
  9 hobgoblins
  3 quokkas
  4 bats (D:2)
  A frilled lizard (D:2)
  11 kobolds
  8 rats
62 creatures vanquished.

Notes
Turn   | Place    | Note
-------+----------+-------------------------------------------
     0 | D:1      | EonDragon20 the Merfolk Ice Elementalist began the quest
                  | for the Orb.
     0 | D:1      | Reached XP level 1. HP: 13/13 MP: 3/3
   245 | D:1      | Reached XP level 2. HP: 19/19 MP: 1/5
   434 | D:1      | Reached skill level 5 in Ice Magic
   846 | D:1      | Reached XP level 3. HP: 24/24 MP: 1/6
   851 | D:1      | Learned a level 3 spell: Frozen Ramparts
  1336 | D:2      | Found a faded altar of an unknown god.
  1602 | D:2      | Found a runed translucent door.
  1603 | D:2      | Noticed Crazy Yiuf
  1814 | D:2      | Noticed Jessica
  1821 | D:2      | Killed Jessica
  1822 | D:2      | Reached skill level 6 in Ice Magic
  1822 | D:2      | Reached XP level 4. HP: 27/30 MP: 3/7
  1988 | D:2      | Found a bloodstained altar of Trog.
  2669 | D:2      | Learned a level 3 spell: Ozocubu's Armour
  3073 | D:3      | Found a white marble altar of Elyvilon.
  3083 | D:3      | Reached XP level 5. HP: 28/32 MP: 8/8
  3100 | D:3      | Found a blossoming altar of Fedhas.
  3105 | D:3      | Found an ornate altar of the Wu Jian Council.
  3107 | D:3      | Found a radiant altar of Vehumet.
  3209 | D:3      | Became a worshipper of Vehumet
  3743 | D:4      | Noticed Sigmund
  3844 | D:4      | Slain by Sigmund

Illustrated notes

Levels and vault maps discovered:
D:1:      hellmonk_arrival_library, layout_basic
D:2:      layout_loops_ring, basic_altar, ebering_ecumenical_altar_sacrificial,
          nicolae_houndstooth_variations, uniq_jessica, uniq_crazy_yiuf_cottage
D:3:      layout_loops_ring, nicolae_overflow_macrodata_refinement
D:4:      kennysheep_kobold_camp, layout_loops_ring,
          lemuel_zombie_altar_yredelemnul, grunt_temple_overflow_open,
          uniq_sigmund

Skill      XL: |  1  2  3  4  5 |
---------------+----------------+-----
Ice Magic      | 5 6 |  6.7
Dodging        | 3 |  3.1
Fighting       | |  0.9
Stealth        | |  2.1
Spellcasting   | |  2.2

Action                     |  1- 3 |  4- 6 || total
---------------------------+-------+-------++-------
  Melee: Unarmed           |    48 |       ||    48
         Spear             |    14 |   118 ||   132
   Cast: Freeze            |    37 |     3 ||    40
         Frozen Ramparts   |     8 |     8 ||    16
         Ozocubu's Armour  |       |     1 ||     1
    Use: Scroll            |       |     8 ||     8
         Potion            |       |     1 ||     1
   Stab: Sleeping          |     2 |     5 ||     7
 Armour: Robe              |    40 |    80 ||   120
  Dodge: Dodged            |    61 |    68 ||   129
